 Dungeon Crawl Stone Soup version 0.16.0-16-g311141a (webtiles) character file.

1212 Sorcv the Covert (level 8, -3/44 HPs)
             Began as a Kobold Enchanter on Mar 19, 2015.
             Was an Initiate of Ashenzari.
             Killed from afar by an electric eel (13 damage)
             ... with a bolt of electricity
             ... on level 6 of the Dungeon.
             The game lasted 00:25:43 (3058 turns).

Sorcv the Covert (Kobold Enchanter)                 Turns: 3058, Time: 00:25:43

Health: -3/44      AC:  5    Str:  6    XL:     8   Next: 74%
Magic:  11/13      EV: 16    Int: 13    God:    Ashenzari [......]
Gold:   309        SH:  0    Dex: 19    Spells: 4 memorised, 2 levels left

rFire  + . .     SeeInvis .     a - +1 dagger
rCold  . . .     Clarity  .     b - +2 robe
rNeg   . . .     SustAb   .     (no shield)
rPois  .         Gourm    .     (no helmet)
rElec  .         Spirit   .     r - +0 cloak
rCorr  .         Warding  .     (no gloves)
rMut   .         Stasis   .     (no boots)
MR     ++...                    (no amulet)
Stlth  ++++++....               (no ring)
                                s - ring of protection from magic

@: very resistant to hostile enchantments, very stealthy
A: blink 1, carnivore 3, fire resistance 1, magic resistance 1, screaming 1,
spit poison 2
a: Spit Poison, Blink, Renounce Religion


You were on level 6 of the Dungeon.
You worshipped Ashenzari.
Ashenzari was noncommittal.
You were very full.

You visited 2 branches of the dungeon, and saw 7 of its levels.
You also visited: Sewer.

You collected 309 gold pieces.

Inventory:

Hand weapons
 a - a +1 dagger (weapon)
Armour
 b - a +2 robe (worn)
 r - a +0 cloak (worn)
Jewellery
 s - a ring of protection from magic (left hand)
Magical devices
 o - a wand of fire (0)
 w - a wand of draining (6)
Scrolls
 e - a scroll of identify
 f - a scroll of fog {unknown}
 g - a scroll of enchant armour
 i - a scroll of magic mapping
 j - a scroll of summoning {unknown}
 k - a scroll of teleportation
 p - 2 scrolls of immolation
 q - a scroll of remove curse
 u - a scroll of amnesia {unknown}
 v - a scroll of silence {unknown}
Potions
 h - a potion of resistance
 m - a potion of cancellation
 t - 2 potions of haste
Books
 c - a book of Maledictions

   Spells                             Type                      Level
   a - Corona                         Hexes                        1
   b - Sure Blade                     Hexes/Charms                 2
   c - Ensorcelled Hibernation        Hexes/Ice                    2
   d - Confuse                        Hexes                        3
   e - Dazzling Spray                 Conjuration/Hexes            3
   f - Enslavement                    Hexes                        4
 l - a book of the Dragon

   Spells                             Type                      Level
   a - Flight                         Charms/Air                   3
   b - Cause Fear                     Hexes                        4
   c - Bolt of Fire                   Conjuration/Fire             6
   d - Dragon Form                    Transmutation                7
   e - Dragon's Call                  Summoning                    9
Comestibles
 d - 4 meat rations
 n - a slice of pizza


   Skills:
 + Level 1.8 Fighting
 + Level 3.1 Short Blades
 + Level 3.4 Dodging
 * Level 11.6 Stealth
 - Level 2.0 Spellcasting
 - Level 5.0 Hexes
 - Level 2.0 Ice Magic


You had 2 spell levels left.
You knew the following spells:

 Your Spells              Type           Power        Failure   Level  Hunger
a - Corona                Hex            ##.....      3%          1    ##.....
b - Ensorcelled Hibernat  Hex/Ice        ##....       10%         2    ###....
c - Dazzling Spray        Conj/Hex       #.......     28%         3    ####...
d - Confuse               Hex            ##......     12%         3    ####...


Dungeon Overview and Level Annotations

Branches:
Dungeon (6/15)             Temple (1/1) D:6

Altars:
Ashenzari
Dithmenos
Elyvilon
Fedhas
Gozag
Kikubaaqudgha
Makhleb
Nemelex Xobeh
Okawaru
Qazlal
Sif Muna
Trog
Vehumet
Yredelemnul
The Shining One

Annotations:
D:3 Natasha
D:5 B1inky's ghost, experienced OpCj


Innate Abilities, Weirdness & Mutations

You are small and have problems with some larger weapons.
You are carnivorous and can eat meat at any time.
You can translocate small distances at will.
Your flesh is heat resistant.
You are resistant to hostile enchantments.
You occasionally shout uncontrollably at your foes.
You can spit moderately strong poison.


Message History

Casting: Ensorcelled Hibernation
Confirm with . or Enter, or press ? or * to list all spells.
Aiming: Ensorcelled Hibernation
Press: ? - help, Shift-Dir - straight line, f - electric eel
Aim: an electric eel (chance 50%)
The electric eel resists with some effort.
The electric eel shoots out a bolt of lightning at you!
The bolt of electricity hits you!
The electric eel shoots out a bolt of lightning at you!
The bolt of electricity hits you!
The electric eel shoots out a bolt of lightning at you!
The bolt of electricity hits you!
* * * LOW HITPOINT WARNING * * *
Read which item? (? for menu, Esc to quit)
Okay, then.
The electric eel shoots out a bolt of lightning at you!
The bolt of electricity misses you.
The electric eel shoots out a bolt of lightning at you!
The bolt of electricity hits you!
You die...

≈≈ ###############
≈≈≈#####≈≈≈≈≈≈≈≈≈≈≈≈≈≈≈
≈≈≈≈≈≈≈≈;≈≈≈≈≈≈≈≈≈≈≈≈≈≈
≈≈≈≈≈≈≈≈≈≈≈≈≈≈≈≈≈≈≈≈≈≈≈
≈≈.≈≈≈≈≈≈≈;.≈..≈≈≈.≈≈≈.≈
..).....................
........................
.##.#####..#.......<.....
........@....##.##.######
#########.#=###.##.#
#.#.#......# #.#.#......#
#>#........# #.###.....##
#.# #.....# #.# ###.###
#.#####.#


You could see 2 electric eels.

Vanquished Creatures
  The ghost of valak23 the Ruffian, an average VSMo of Ru (D:3)
  A centaur (D:6)
  An ogre (D:6)
  Sigmund (D:2)
  A crocodile (Sewer)
  2 crimson imps (D:5)
  A jelly (D:6)
  Crazy Yiuf (D:3)
  A hound (D:4)
  An orc priest (D:3)
  3 iguanas
  5 orc wizards
  Natasha (D:3)
  4 worker ants
  Ijyb (D:2)
  A hound skeleton (D:5)
  2 river rats (D:6)
  9 adders
  2 worms (D:2)
  An adder skeleton (D:4)
  An ooze (D:1)
  20 orcs
  15 bats
  6 giant cockroaches
  2 gnoll zombies (D:5)
  12 hobgoblins
  4 jackals (D:5)
  A quokka (D:5)
  4 giant geckos
  16 giant newts
  6 goblins
  11 kobolds
  9 rats
147 creatures vanquished.

Vanquished Creatures (others)
  An orc wizard (D:5)
1 creature vanquished.

Grand Total: 148 creatures vanquished

Notes
Turn   | Place    | Note
--------------------------------------------------------------
     0 | D:1      | Sorcv, the Kobold Enchanter, began the quest for the Orb.
     0 | D:1      | Reached XP level 1. HP: 10/10 MP: 3/3
    78 | D:1      | Reached XP level 2. HP: 12/15 MP: 4/4
    82 | D:1      | Learned a level 2 spell: Ensorcelled Hibernation
   106 | D:1      | Reached skill level 5 in Stealth
   354 | D:2      | Reached XP level 3. HP: 11/19 MP: 6/6
   369 | D:2      | Noticed Sigmund
   373 | D:2      | Killed Sigmund
   373 | D:2      | Reached skill level 7 in Stealth
   373 | D:2      | Reached XP level 4. HP: 15/24 MP: 7/7
   459 | D:2      | Noticed Ijyb
   467 | D:2      | Reached XP level 5. HP: 24/28 MP: 1/9
   607 | D:2      | Killed Ijyb
   731 | D:3      | Reached skill level 1 in Ice Magic
   772 | D:3      | Noticed valak23's ghost (average VSMo)
   773 | D:3      | Noticed Natasha
   774 | D:3      | Killed Natasha
   774 | D:3      | Reached skill level 8 in Stealth
   775 | D:3      | Killed valak23's ghost
   775 | D:3      | Reached XP level 6. HP: 25/32 MP: 10/10
   823 | D:3      | Found a deep blue altar of Sif Muna.
   830 | D:3      | Found a burning altar of Makhleb.
  1041 | D:3      | Reached skill level 9 in Stealth
  1214 | D:3      | Noticed Crazy Yiuf
  1222 | D:3      | Learned a level 3 spell: Dazzling Spray
  1226 | D:3      | Killed Crazy Yiuf
  1226 | D:3      | Reached XP level 7. HP: 23/36 MP: 3/12
  1285 | D:3      | Noticed Natasha
  1491 | D:4      | Reached skill level 10 in Stealth
  1664 | D:5      | Entered Level 5 of the Dungeon
  1671 | D:5      | Found a glowing golden altar of the Shining One.
  1739 | D:5      | Gained mutation: You can translocate small distances at will. [potion of mutation]
  1739 | D:5      | Gained mutation: You can spit poison. [potion of mutation]
  1739 | D:5      | Gained mutation: You occasionally shout uncontrollably at your foes. [potion of mutation]
  1854 | D:5      | Noticed B1inky's ghost (experienced OpCj)
  1953 | D:5      | Found a basalt altar of Yredelemnul.
  2031 | D:6      | Reached XP level 8. HP: 21/41 MP: 8/13
  2036 | D:6      | Learned a level 3 spell: Confuse
  2111 | D:6      | Reached skill level 5 in Hexes
  2143 | D:6      | Gained mutation: Your flesh is heat resistant. [potion of mutation]
  2143 | D:6      | Gained mutation: You can spit moderately strong poison. [potion of mutation]
  2143 | D:6      | Gained mutation: You are resistant to hostile enchantments. [potion of mutation]
  2192 | D:6      | Found a staircase to the Ecumenical Temple.
  2199 | Temple   | Entered the Ecumenical Temple
  2209 | Temple   | Became a worshipper of Ashenzari the Shackled
  2228 | D:6      | Reached skill level 11 in Stealth
  2265 | D:6      | Found a glowing drain.
  2295 | Sewer    | Entered a sewer
  2504 | D:5      | Reached skill level 1 in Fighting
  2641 | D:5      | Found a blossoming altar of Fedhas.
  3058 | D:6      | Killed from afar by an electric eel

Action                   |  1- 3 |  4- 6 |  7- 9 || total
-------------------------+-------+-------+-------++-------
Melee: Dagger            |    53 |    77 |   291 ||   421
 Cast: Corona            |     1 |       |     4 ||     5
       Ensorcelled Hiber |     1 |    22 |    44 ||    67
       Dazzling Spray    |       |       |     7 ||     7
 Abil: Spit Poison       |       |       |     1 ||     1
Evoke: Wand              |       |     2 |       ||     2
  Use: Potion            |       |       |    10 ||    10
       Scroll            |       |       |     8 ||     8
 Stab: Sleeping          |     8 |    16 |    27 ||    51
       Distracted        |       |       |     2 ||     2
  Eat: Chunk             |     2 |     7 |    13 ||    22
